 Dungeon Crawl Stone Soup version 0.31-a0-188-g5e087ee2ca (webtiles) character file.

Game seed: 6617367156363087369

1040 qw the Skirmisher (level 8, 0/44 HPs)
             Began as a Deep Elf Hunter on June 23, 2023.
             Was a Follower of Okawaru.
             Engulfed by a steam dragon's steam (4 damage)
             ... on level 6 of the Dungeon.
             The game lasted 00:01:36 (4370 turns).

qw the Skirmisher (Deep Elf Hunter)                 Turns: 4370, Time: 00:01:36

Health: 0/44       AC:  6    Str: 10    XL:     8   Next: 4%
Magic:  11/12      EV: 20    Int: 15    God:    Okawaru [*.....]
Gold:   104        SH:  0    Dex: 24    Spells: 7/7 levels left

rFire   . . .        Y - +3 shortbow
rCold   . . .        (shield currently unavailable)
rNeg    . . .        q - +2 leather armour "Duinn" {rPois Dex+6 Slay-2}
rPois   +            (helmet restricted)
rElec   .            h - +0 cloak
rCorr   .            (no gloves)
SInv    +            (no boots)
Will    .....        i - amulet of regeneration
Stlth   ++           c - +5 ring of evasion
HPRegen 1.07/turn    g - ring of see invisible
MPRegen 0.13/turn

%: no passive effects
@: about to teleport
A: antennae 1
a: Renounce Religion, Heroism


You were on level 6 of the Dungeon.
You worshipped Okawaru.
Okawaru was aware of your devotion.
You visited 2 branches of the dungeon, and saw 7 of its levels.

You collected 215 gold pieces.
You spent 111 gold pieces at shops.


Innate Abilities, Weirdness & Mutations

You have a pair of small antennae on your head.


   Skills:
 - Level 2.1 Fighting
 + Level 11.2 Ranged Weapons
 - Level 5.1 Dodging
 - Level 1.2 Stealth
 + Level 3.5 Invocations


You had 7 spell levels left.
You didn't know any spells.
Your spell library was empty.

Inventory:

Hand Weapons
 Y - a +3 shortbow (weapon)
Armour
 h - a +0 cloak (worn)
 q - the +2 leather armour "Duinn" (worn) {rPois Dex+6 Slay-2}
   (You found it on level 3 of the Dungeon)

   Dex:       It affects your dexterity (+6).
   Slay:      It affects your accuracy & damage with ranged weapons and melee
   (-2).
   rPois:     It protects you from poison.
Jewellery
 c - a +5 ring of evasion (left hand)
 g - a ring of see invisible (right hand)
 i - an amulet of regeneration (around neck)
 o - a ring of protection from fire
Scrolls
 b - a scroll of teleportation
 n - 4 scrolls of identify
Potions
 a - 3 potions of curing
 d - 2 potions of might
 e - a potion of haste
 f - a potion of mutation
 j - a potion of resistance

Dungeon Overview and Level Annotations

Branches:
Dungeon (6/15)             Temple (1/1) D:4

Altars:
Ashenzari
Cheibriados
Dithmenos
Elyvilon
Fedhas
Hepliaklqana
Kikubaaqudgha
Makhleb
Okawaru
Qazlal
Ru
Sif Muna
Trog
Uskayaw
Vehumet
Wu Jian
Xom
Yredelemnul
Zin

Shops:
D:3 ?(*   D:4 *


Message History

The steam dragon hisses angrily.
You shoot an arrow. The arrow hits the orc wizard.
You kill the orc wizard!
Okawaru accepts your kill.
You shoot an arrow.
The arrow closely misses the steam dragon.
An orc comes into view. It is wielding a +0 flail.
You shoot an arrow.
The arrow closely misses the steam dragon.
The orc shouts!
The steam dragon breathes steam at you. The ball of steam misses you.
4361 ||| Stepping ~*~*~tactically~*~*~ (cloud).
You shoot an arrow. The arrow hits the steam dragon.
The steam dragon is lightly wounded.
You shoot an arrow.
The arrow closely misses the steam dragon.
You are engulfed in a cloud of scalding steam.
The steam dragon breathes steam at you. The ball of steam hits you!!
4365 ||| Stepping ~*~*~tactically~*~*~ (cloud).
You shoot an arrow.
The arrow closely misses the steam dragon.
You are engulfed in a cloud of scalding steam.
You shoot an arrow.
The arrow closely misses the steam dragon.
The steam dragon bites you.
The steam dragon claws you but does no damage.
You shoot an arrow.
The arrow closely misses the steam dragon.
You shoot an arrow. The arrow hits the steam dragon!
The steam dragon is moderately wounded.
You feel like a meek peon again. The steam dragon breathes steam at you.
The ball of steam hits you!
4370 ||| READING 2 scrolls of teleportation.
As you read the scroll of teleportation, it crumbles to dust.
You feel strangely unstable.
You are engulfed in a cloud of scalding steam.
You die...

#...###..#
#...# #..#
#..## ##.#
#..# ##.#
#..# #..#
### #..#
##.## ##.#
##..#
#..###.##
o..####¤..#
###.<.##
.)o¤.¤D@¤##
#####
.###..o¤¤#
#######


You could see a steam dragon and an orc.

Vanquished Creatures
  Sigmund (D:3)
  Eustachio (D:5)
  A black bear (D:5)
  An ice beast (D:5)
  A scorpion (D:5)
  2 howler monkeys
  2 hounds (D:5)
  Terence (D:3)
  3 iguanas (D:5)
  A sleepcap (D:5)
  5 orc wizards
  5 adders
  2 dart slugs
  11 orcs
  3 endoplasms
  4 giant cockroaches
  9 hobgoblins
  8 kobolds
  7 ball pythons
  4 bats
  6 frilled lizards
  7 goblins
  11 rats
96 creatures vanquished.

Notes
Turn   | Place    | Note
-------+----------+-------------------------------------------
     0 | D:1      | qw the Deep Elf Hunter began the quest for the Orb.
     0 | D:1      | Reached XP level 1. HP: 12/12 MP: 3/3
     0 | D:1      | 0 ||| qw: Version: 0.3-a-9-g12657ce
     0 | D:1      | 0 ||| qw: Game counter: 4273
     0 | D:1      | 0 ||| qw: Always use a shield: true
     0 | D:1      | 0 ||| qw: God list: Okawaru
     0 | D:1      | 0 ||| qw: Allow faded altars: false
     0 | D:1      | 0 ||| qw: Do Orc after D:15 true
     0 | D:1      | 0 ||| qw: Do second Lair branch before Depths: true
     0 | D:1      | 0 ||| qw: Lair rune preference: random
     0 | D:1      | 0 ||| qw: Plans: Normal
     0 | D:1      | 0 ||| PLANNING D:1-11
   176 | D:1      | Reached XP level 2. HP: 16/16 MP: 4/4
   186 | D:1      | Reached skill level 6 in Ranged Weapons
   265 | D:1      | You fall into a shaft and drop 1 floor!
   272 | D:2      | 272 ||| READING scroll labelled JOPUCS DYHAEV.
   273 | D:2      | 273 ||| DROPPING scroll of butterflies.
   280 | D:2      | 280 ||| FLEEEEING.
   281 | D:2      | 281 ||| STAIRDANCE
   411 | D:1      | 411 ||| Stepping ~*~*~tactically~*~*~ (water).
   717 | D:1      | Reached XP level 3. HP: 20/20 MP: 5/5
  1009 | D:1      | 1009 ||| UPGRADING to +0 scale mail.
  1019 | D:1      | 1019 ||| DROPPING +0 leather armour.
  1020 | D:1      | 1020 ||| UPGRADING to +0 ring mail.
  1030 | D:1      | 1030 ||| DROPPING +0 scale mail.
  1031 | D:1      | 1031 ||| UPGRADING to amulet of regeneration.
  1036 | D:1      | 1036 ||| READING scroll labelled SYAZ LAZ KOIB.
  1037 | D:1      | 1037 ||| READING scroll labelled DOT BIPTEFFUDO.
  1038 | D:1      | 1038 ||| READING 3 scrolls labelled LOFOREGOGA.
  1039 | D:1      | 1039 ||| READING 2 scrolls of enchant weapon.
  1039 | D:1      | 1039 ||| ENCHANTING +1 shortbow.
  1040 | D:1      | 1040 ||| READING scroll of enchant weapon.
  1040 | D:1      | 1040 ||| ENCHANTING +2 shortbow.
  1041 | D:1      | 1041 ||| READING scroll labelled XIW BAPAVOEJA.
  1042 | D:1      | 1042 ||| READING scroll labelled VIM MEIBAEPRI.
  1281 | D:2      | Reached skill level 7 in Ranged Weapons
  1668 | D:2      | Found a shimmering altar of Xom.
  1743 | D:2      | 1743 ||| UPGRADING to +0 cloak.
  1748 | D:2      | 1748 ||| UPGRADING to +5 ring of evasion.
  1749 | D:2      | 1749 ||| READING scroll labelled QUUVOI FI MOGI.
  1750 | D:2      | 1750 ||| READING scroll labelled XAELAKKE ANONN.
  1751 | D:2      | 1751 ||| READING scroll labelled RASCHI VUAN QONT.
  1752 | D:2      | 1752 ||| DRINKING 2 blue potions.
  1753 | D:2      | 1753 ||| DRINKING 2 black potions.
  1767 | D:3      | Found Sateokku's Weapon Emporium.
  1809 | D:3      | Found a shadowy altar of Dithmenos.
  1810 | D:3      | Noticed Sigmund
  1811 | D:3      | 1811 ||| READING 2 scrolls of identify.
  1811 | D:3      | 1811 ||| IDENTIFYING bubbling green potion
  1812 | D:3      | 1812 ||| DROPPING potion of brilliance.
  1823 | D:3      | Killed Sigmund
  1824 | D:3      | Reached skill level 9 in Ranged Weapons
  1824 | D:3      | Reached XP level 4. HP: 25/25 MP: 6/6
  1824 | D:3      | Reached XP level 5. HP: 29/29 MP: 7/7
  1836 | D:3      | Found Teadyal's Magic Scroll Shoppe.
  1842 | D:3      | 1842 ||| BUYING scroll of identify (26 gold).
  1842 | D:3      | Bought a scroll of identify for 26 gold pieces
  1842 | D:3      | 1842 ||| BUYING scroll of identify (26 gold).
  1842 | D:3      | Bought a scroll of identify for 26 gold pieces
  1842 | D:3      | 1842 ||| BUYING scroll of teleportation (39 gold).
  1842 | D:3      | Bought a scroll of teleportation for 39 gold pieces
  1842 | D:3      | 1842 ||| SHOPLISTING scroll of teleportation (39 gold, have
                  | 34).
  1864 | D:3      | Noticed Terence
  1877 | D:3      | Killed Terence
  1964 | D:3      | Reached XP level 6. HP: 35/35 MP: 8/8
  1994 | D:3      | Found Hutaavaps's Assorted Antiques.
  2002 | D:3      | 2002 ||| SHOPLISTING bronze ring (115 gold, have 34).
  2002 | D:3      | 2002 ||| BUYING clear potion (20 gold).
  2002 | D:3      | Bought a clear potion for 20 gold pieces
  2002 | D:3      | 2002 ||| SHOPLISTING scroll of identify (46 gold, have 14).
  2002 | D:3      | 2002 ||| SHOPLISTING worn wooden wand (92 gold, have 14).
  2147 | D:3      | Identified the +2 leather armour "Duinn" {rPois Dex+6
                  | Slay-2}
  2304 | D:3      | 2304 ||| UPGRADING to +2 leather armour "Duinn" {rPois
                  | Dex+6 Slay-2}.
  2314 | D:3      | 2314 ||| DROPPING +0 ring mail.
  2315 | D:3      | 2315 ||| UPGRADING to ring of see invisible.
  2316 | D:3      | 2316 ||| READING scroll labelled HELEFI SYZY.
  2317 | D:3      | 2317 ||| DRINKING 2 clear potions.
  2317 | D:3      | Gained mutation: You have a pair of small antennae on your
                  | head. [potion of mutation]
  2318 | D:3      | 2318 ||| READING 7 scrolls of identify.
  2318 | D:3      | 2318 ||| IDENTIFYING bubbling ruby potion
  2319 | D:3      | 2319 ||| READING 6 scrolls of identify.
  2319 | D:3      | 2319 ||| IDENTIFYING fizzy red potion
  2320 | D:3      | 2320 ||| READING 5 scrolls of identify.
  2320 | D:3      | 2320 ||| IDENTIFYING dark potion
  2321 | D:3      | 2321 ||| READING 4 scrolls of identify.
  2321 | D:3      | 2321 ||| IDENTIFYING lumpy inky potion
  2322 | D:3      | 2322 ||| DROPPING potion of invisibility.
  2323 | D:3      | 2323 ||| DROPPING potion of attraction.
  2324 | D:3      | 2324 ||| DROPPING potion of degeneration.
  2394 | D:4      | Identified the +6 quarterstaff of Res Judicata {heavy,
                  | *Rage rElec rPois rCorr}
  2400 | D:4      | Found a burning altar of Makhleb.
  2548 | D:4      | Found a staircase to the Ecumenical Temple.
  2549 | D:4      | 2549 ||| PLANNING TEMPLE
  2558 | Temple   | Entered the Ecumenical Temple
  2763 | Temple   | 2763 ||| PLANNING OKAWARU WORSHIP
  2827 | Temple   | Became a worshipper of Warmaster Okawaru
  2828 | Temple   | 2828 ||| PLANNING D:1-11
  2973 | D:4      | Found a basalt altar of Yredelemnul.
  2993 | D:4      | Found Soeco's Neck Hole.
  3001 | D:4      | 3001 ||| SHOPLISTING amulet of reflection (390 gold, have
                  | 70).
  3001 | D:4      | 3001 ||| SHOPLISTING scarf of repulsion (156 gold, have
                  | 70).
  3001 | D:4      | 3001 ||| SHOPLISTING scarf of resistance (416 gold, have
                  | 70).
  3048 | D:4      | Reached skill level 3 in Dodging
  3305 | D:5      | Entered Level 5 of the Dungeon
  3399 | D:5      | Noticed Eustachio
  3400 | D:5      | 3400 ||| FLEEEEING.
  3422 | D:5      | Killed Eustachio
  3422 | D:5      | Reached * piety under Okawaru
  3423 | D:5      | Reached skill level 10 in Ranged Weapons
  3423 | D:5      | Reached XP level 7. HP: 22/40 MP: 9/9
  3423 | D:5      | 3423 ||| INVOKING Heroism.
  3509 | D:5      | Found a radiant altar of Vehumet.
  3518 | D:5      | Reached skill level 1 in Invocations
  3765 | D:5      | Reached skill level 11 in Ranged Weapons
  3786 | D:5      | 3786 ||| Stepping ~*~*~tactically~*~*~ (outnumbered).
  3791 | D:5      | 3791 ||| Stepping ~*~*~tactically~*~*~ (outnumbered).
  3807 | D:5      | 3807 ||| INVOKING Heroism.
  3814 | D:5      | Reached skill level 3 in Invocations
  4258 | D:5      | 4258 ||| READING 5 scrolls of identify.
  4258 | D:5      | 4258 ||| IDENTIFYING puce potion
  4334 | D:6      | Reached XP level 8. HP: 44/44 MP: 12/12
  4356 | D:6      | 4356 ||| INVOKING Heroism.
  4361 | D:6      | 4361 ||| Stepping ~*~*~tactically~*~*~ (cloud).
  4365 | D:6      | 4365 ||| Stepping ~*~*~tactically~*~*~ (cloud).
  4369 | D:6      | HP: 4/44 [steam dragon/ball of steam (16)]
  4370 | D:6      | 4370 ||| READING 2 scrolls of teleportation.
  4370 | D:6      | Engulfed by a steam dragon's steam

Levels and vault maps discovered:
D:1:      dpeg_arrival_water_temple_mockup, layout_loops_corners,
          serial_bayou_crossing
D:2:      layout_basic, basic_altar, kennysheep_generic_room_9
D:3:      layout_basic, nicolae_dithmenos_through_a_glass_darkly, serial_shops,
          shop_fountains, nicolae_shop_bloodbath_and_beyond, shop, uniq_sigmund,
          uniq_terence
D:4:      layout_basic, mainiacjoe_overflow_concentric_impassable,
          bloody_makhleb, minmay_temple_entry_sparse_star,
          nicolae_shop_sticking_my_neck_out
D:5:      layout_basic, mainiacjoe_overflow_brackets, uniq_eustachio
D:6:      layout_layer_cave, gammafunk_ghost_split, feat_on_display
Temple:   minmay_temple_curvy_branch

Skill      XL: |  1  2  3  4  5  6  7 |
---------------+----------------------+-----
Ranged Weapons | 6 9 10 11 | 11.2
Fighting       | 2 |  2.1
Dodging        | 4 5 |  5.1
Invocations    | 3 |  3.5
Stealth        | |  1.2

Action                     |  1- 3 |  4- 6 |  7- 9 || total
---------------------------+-------+-------+-------++-------
   Fire: Shortbow          |   102 |   123 |    77 ||   302
 Invoke: Heroism           |       |       |     3 ||     3
    Use: Scroll            |    12 |     5 |     2 ||    19
         Potion            |     2 |     1 |       ||     3
 Armour: Leather armour    |     3 |    13 |     5 ||    21
         Ring mail         |     6 |     1 |       ||     7
  Dodge: Dodged            |    24 |    56 |    33 ||   113

Table legend:
 A = Non-vault XP
 B = Vault XP
 C = Vault XP percentage of total XP
 D = Non-vault monster count
 E = Vault monster count
 F = Vault count percentage of total count
                 A         B        C        D         E       F
            +---------+---------+-------+---------+---------+-------
      Total |    1039 |     448 |  30.1 |      91 |       5 |   5.2
            +---------+---------+-------+---------+---------+-------
        D:1 |      44 |       0 |   0.0 |      28 |       0 |   0.0
        D:2 |      31 |      16 |  34.0 |      12 |       2 |  14.3
        D:3 |      48 |     250 |  83.9 |      14 |       2 |  12.5
        D:4 |     110 |       0 |   0.0 |      16 |       0 |   0.0
        D:5 |     702 |     182 |  20.6 |      16 |       1 |   5.9
        D:6 |     104 |       0 |   0.0 |       5 |       0 |   0.0
            +---------+---------+-------+---------+---------+-------
